 Dungeon Crawl Stone Soup version 0.16-a0-1301-gf74d490 (webtiles) character file.

86 Molien the Chopper (level 4, -2/34 HPs)
             Began as a Demonspawn Gladiator on Oct 14, 2014.
             Slain by a giant gecko (5 damage)
             ... on level 3 of the Dungeon.
             The game lasted 00:20:12 (1380 turns).

Molien the Chopper (Demonspawn Gladiator)           Turns: 1380, Time: 00:20:15

Health: -2/34      AC:  4    Str: 15    XL:     4   Next: 27%
Magic:  4/4        EV: 14    Int: 10    God:
Gold:   95         SH:  0    Dex: 14    Spells: 0 memorised, 3 levels left

rFire  . . .     SeeInvis .     a - +0 war axe
rCold  . . .     Clarity  .     k - +0 leather armour
rNeg   . . .     SustAb   .     (no shield)
rPois  .         Gourm    .     c - +0 helmet
rElec  .         Spirit   .     (no cloak)
rCorr  .         Warding  .     (no gloves)
rMut   .         Stasis   .     (no boots)
MR     .....                    (no amulet)
Stlth  +.........               (no ring)
                                (no ring)

@: lethally poisoned, not resistant to hostile enchantments, very unstealthy
A: repulsion field 1, powered by death 1, powered by pain 1
a: no special abilities


You were on level 3 of the Dungeon.
You were not hungry.

You visited 1 branch of the dungeon, and saw 3 of its levels.

You collected 95 gold pieces.

Inventory:

Hand weapons
 a - a +0 war axe (weapon)
 e - a +0 hand axe
 h - a +0 short sword
 i - a +0 hunting sling
 l - a +0 dagger
 m - a +0 hunting sling
 p - a +0 hunting sling
 s - a +0 hunting sling
 u - a +0 whip
Missiles
 d - 4 throwing nets (quivered)
Armour
 c - a +0 helmet (worn)
 k - a +0 leather armour (worn)
 w - a +0 helmet
Scrolls
 b - a scroll of fog {unknown}
 j - a scroll of amnesia {unknown}
 n - 3 scrolls of remove curse {unknown}
 r - a scroll of enchant weapon {unknown}
 t - a scroll of fear {unknown}
Potions
 g - a potion of might {unknown}
 q - a potion of heal wounds {unknown}
Comestibles
 f - a bread ration
 o - 2 meat rations
 v - a slice of pizza
 x - a beef jerky


   Skills:
 + Level 2.5 Fighting
 + Level 3.3 Axes
 + Level 1.9 Throwing
 + Level 1.4 Armour
 + Level 3.3 Dodging
 + Level 0.2 Stealth


You had 3 spell levels left.
You didn't know any spells.

Dungeon Overview and Level Annotations

Branches:
Dungeon (3/15)

Altars:
Nemelex Xobeh


Innate Abilities, Weirdness & Mutations

You are surrounded by a mild repulsion field (EV +2).
You can steal the life force of nearby defeated enemies.
You sometimes gain a little power by taking damage.


Message History

You closely miss the giant gecko.
The giant gecko is lightly wounded.
* * * LOW HITPOINT WARNING * * *
You feel sick. The giant gecko closely misses you.
The giant gecko closely misses you.
You miss the giant gecko.
The giant gecko is lightly wounded.
* * * LOW HITPOINT WARNING * * *
You feel sick. The giant gecko closely misses you. The giant gecko misses you.
You closely miss the giant gecko.
The giant gecko is lightly wounded.
* * * LOW HITPOINT WARNING * * *
You feel sick. The giant gecko closely misses you.
Your leather armour prevents you from hitting the giant gecko.
The giant gecko is lightly wounded.
* * * LOW HITPOINT WARNING * * *
You feel sick. The giant gecko barely misses you.
The giant gecko hisses menacingly.
The giant gecko bites you.
You die...

### #<# #.#
#.# #.# #.#
#.#######
#..(.((.##.#
#.....@(...#
#.#####l####
#.# .# #.#
.. #.# ...
#.# ..## #.#
#.. . ##


You could see a giant gecko.

Vanquished Creatures
  4 adders
  A worm (D:2)
  A ball python (D:2)
  3 giant cockroaches
  12 hobgoblins
  6 jackals
  5 kobolds
  A bat (D:2)
  A giant newt (D:2)
  5 goblins
  3 rats (D:1)
42 creatures vanquished.

Notes
Turn   | Place    | Note
--------------------------------------------------------------
     0 | D:1      | Molien, the Demonspawn Gladiator, began the quest for the Orb.
     0 | D:1      | Reached XP level 1. HP: 16/16 MP: 1/1
   195 | D:1      | Gained mutation: You can steal the life force of nearby defeated enemies. [demonic ancestry]
   195 | D:1      | Reached XP level 2. HP: 17/22 MP: 2/2
   231 | D:1      | Reached skill level 3 in Dodging
   559 | D:1      | Upgraded the game from 0.16-a0-1276-g18860b1 to 0.16-a0-1301-gf74d490
   813 | D:2      | Gained mutation: You are surrounded by a mild repulsion field (EV +2). [demonic ancestry]
   813 | D:2      | Reached XP level 3. HP: 18/27 MP: 3/3
   890 | D:2      | Found a sparkling altar of Nemelex Xobeh.
  1107 | D:2      | Reached skill level 1 in Armour
  1186 | D:2      | Gained mutation: You sometimes gain a little power by taking damage. [demonic ancestry]
  1186 | D:2      | Reached XP level 4. HP: 18/34 MP: 4/4
  1380 | D:3      | Slain by a giant gecko

Action                   |  1- 3 |  4- 6 || total
-------------------------+-------+-------++-------
Melee: War axe           |   109 |    44 ||   153
  Eat: Bread ration      |       |     1 ||     1
